 Dungeon Crawl Stone Soup version 0.25-a0-464-g3004169c2b (webtiles) character file.

Game seed: 1441051713095125497, levelgen mode: deterministic

170 Epan the Digger (level 5, -1/28 HPs)
             Began as a Gargoyle Earth Elementalist on Feb 4, 2020.
             Slain by an ogre
             ... wielding a +0 giant spiked club
              (18 damage)
             ... on level 4 of the Dungeon.
             The game lasted 00:06:24 (2668 turns).

Epan the Digger (Gargoyle Earth Elementalist)       Turns: 2668, Time: 00:06:24

Health: -1/28      AC:  8    Str: 12    XL:     5   Next: 51%
Magic:  5/10       EV: 13    Int: 16    God:
Gold:   79         SH:  0    Dex: 10    Spells: 7/11 levels left

rFire    . . .     SeeInvis .   a - -3 dagger (curse)
rCold    . . .     Gourm    .   (no shield)
rNeg     + . .     Faith    .   c - +1 robe
rPois    ∞         Spirit   .   j - +0 helmet
rElec    +         Reflect  .   (no cloak)
rCorr    .         Harm     .   (no gloves)
MR       .....                  (no boots)
Stlth    ++........             (no amulet)
HPRegen  0.09/turn              l - +1 ring of evasion
MPRegen  0.12/turn              (no ring)

@: no status effects
A: negative energy resistance 1, electricity resistance, unbreathing,
petrification resistance, rot immunity, AC +4
a: no special abilities


You were on level 4 of the Dungeon.
You were not hungry.

You visited 1 branch of the dungeon, and saw 4 of its levels.

You collected 79 gold pieces.

Inventory:

Hand Weapons
 a - a cursed -3 dagger (weapon)
 e - a +1 whip
 i - a +0 mace
Missiles
 b - 15 stones (quivered)
Armour
 c - a +1 robe (worn)
 j - a +0 helmet (worn)
Jewellery
 l - a +1 ring of evasion (left hand)
Scrolls
 m - a scroll of enchant weapon
Comestibles
 d - 6 rations
 f - 2 chunks of flesh


   Skills:
 - Level 1.5 Dodging
 - Level 2.1 Stealth
 + Level 3.5 Spellcasting
 + Level 2.1 Conjurations
   Level 0.7 Transmutations
 + Level 5.4 Earth Magic


You had 7 spell levels left.
You knew the following spells:

 Your Spells              Type           Power        Failure   Level  Hunger
a - Sandblast             Erth           ###...       1%          1    None
b - Stone Arrow           Conj/Erth      ##....       11%         3    ###....

Your spell library contained the following spells:

 Spells                   Type           Power        Failure   Level  Hunger
 Passwall                 Tmut/Erth      ##......     8%          2    ##.....
 Petrify                  Tmut/Erth      ##......     45%         4    ####...
 Confusing Touch          Hex            #.......     47%         3    ###....
 Gell's Gravitas          Tloc           #.........   47%         3    ###....
 Lee's Rapid Deconstruct  Erth           ###.......   47%         5    ######.
 Metabolic Englaciation   Hex/Ice        #.........   99%         5    ######.
 Yara's Violent Unravell  Hex/Tmut       #.........   99%         5    ######.


Dungeon Overview and Level Annotations

Branches:
Dungeon (4/15)
 Temple: D:4-7

Altars:
Uskayaw
Wu Jian
Xom


Innate Abilities, Weirdness & Mutations

You are resistant to torment.
Your stone body is resilient. (AC +4)
You are immune to poison.
You resist negative energy. (rN+)
You are resistant to electric shocks. (rElec)
You can survive without breathing.
You are immune to petrification.
You are immune to rotting.


Message History

An ogre is nearby!
Casting: Sandblast (safe; 1% risk of failure)
Confirm with . or Enter, or press ? or * to list all spells.
Aiming: Sandblast (safe; 1% risk of failure)
Press: ? - help, Shift-Dir - straight line, f - ogre
Aim: an ogre, wielding a +0 giant spiked club The blast of sand hits the ogre!
The ogre is heavily wounded.
b - 16 stones
Casting: Sandblast (safe; 1% risk of failure)
Confirm with . or Enter, or press ? or * to list all spells.
Aiming: Sandblast (safe; 1% risk of failure)
Press: ? - help, Shift-Dir - straight line, f/p - ogre
Aim: an ogre, wielding a +0 giant spiked club (heavily wounded)
The blast of sand hits the ogre!
The ogre is almost dead.
b - 15 stones The ogre hits you with a +0 giant spiked club!!
Ouch! That really hurt!
You die...

#..####.## #.## #.#
########.# #.# #........#
#.###### #........#
#......# #........#
#...<..# #........#
##......#
#.......O####.......#
#.......@...#.......####
..........##.#...%.......
.############...........#.
###.......#... #.###....#
# #..# ###.# #.## ".. #.
o.. #. ..


You could see an ogre.

Vanquished Creatures
  Jessica (D:2)
  2 worker ants (D:4)
  Ijyb (D:3)
  Robin (D:2)
  2 adders
  An orc (D:3)
  A ball python (D:1)
  3 bats
  2 giant cockroaches
  12 goblins
  5 hobgoblins
  4 jackals
  A quokka (D:3)
  2 frilled lizards (D:1)
  A rat (D:2)
39 creatures vanquished.

Notes
Turn   | Place    | Note
-------+----------+-------------------------------------------
     0 | D:1      | Epan the Gargoyle Earth Elementalist began the quest for
                  | the Orb.
     0 | D:1      | Reached XP level 1. HP: 10/10 MP: 3/3
   384 | D:1      | Reached XP level 2. HP: 12/15 MP: 3/5
   526 | D:1      | Reached skill level 4 in Earth Magic
  1315 | D:2      | Noticed Jessica
  1320 | D:2      | Killed Jessica
  1320 | D:2      | Reached XP level 3. HP: 19/19 MP: 4/7
  1325 | D:2      | Learned a level 3 spell: Stone Arrow
  1376 | D:2      | Found a shimmering altar of Xom.
  1578 | D:2      | Noticed Robin
  1611 | D:2      | Reached XP level 4. HP: 24/24 MP: 4/8
  1823 | D:2      | Killed Robin
  1823 | D:2      | Reached skill level 1 in Conjurations
  1969 | D:2      | Found an ornate altar of the Wu Jian Council.
  1996 | D:2      | Found a hide-covered altar of Uskayaw.
  2266 | D:3      | Noticed Ijyb
  2274 | D:3      | Killed Ijyb
  2274 | D:3      | Reached skill level 5 in Earth Magic
  2381 | D:3      | Reached XP level 5. HP: 16/28 MP: 0/10
  2391 | D:3      | Noticed an ice beast
  2663 | D:4      | Noticed an ogre
  2668 | D:4      | Slain by an ogre

Levels and vault maps discovered:
D:1:      lightli_iron_boxes, layout_basic
D:2:      layout_basic, lemuel_coloured_pillars_altar,
          nicolae_overflow_crystal_walls, old_standard_altar, first_ration,
          uniq_robin, uniq_jessica
D:3:      layout_basic, uniq_ijyb
D:4:      layout_rooms, minmay_misc_feat_more_columns,
          hangedman_abyss_or_decor_passed, fedhas_altar_1

Skill      XL: |  1  2  3  4  5 |
---------------+----------------+-----
Earth Magic    | 4 5 |  5.4
Spellcasting   | 3 |  3.5
Conjurations   | 1 2 |  2.1
Dodging        | |  1.5
Stealth        | |  2.1
Transmutations | |  0.7

Action                   |  1- 3 |  4- 6 || total
-------------------------+-------+-------++-------
Melee: Dagger            |   109 |    32 ||   141
 Cast: Sandblast         |    16 |    47 ||    63
Evoke: Wand              |       |     2 ||     2
  Use: Scroll            |     4 |     2 ||     6
       Potion            |     3 |     2 ||     5
 Stab: Sleeping          |     4 |       ||     4
  Eat: Chunk             |     2 |     4 ||     6
Armor: Robe              |    40 |    22 ||    62
Dodge: Dodged            |    79 |    68 ||   147

Table legend:
 A = Non-vault XP
 B = Vault XP
 C = Vault XP percentage of total XP
 D = Non-vault monster count
 E = Vault monster count
 F = Vault count percentage of total count
                 A         B        C        D         E       F
            +---------+---------+-------+---------+---------+-------
      Total |     135 |     109 |  44.7 |      25 |      14 |  35.9
            +---------+---------+-------+---------+---------+-------
        D:1 |      20 |       0 |   0.0 |      11 |       0 |   0.0
        D:2 |      21 |      73 |  77.7 |       6 |      13 |  68.4
        D:3 |      22 |      36 |  62.1 |       5 |       1 |  16.7
        D:4 |      72 |       0 |   0.0 |       3 |       0 |   0.0
            +---------+---------+-------+---------+---------+-------
